 Dungeon Crawl Stone Soup version 0.19-a0-32-gbfd796a (webtiles) character file.

35 M4edhros the Grave Robber (level 3, 0/21 HPs)
             Began as an Octopode Necromancer on May 2, 2016.
             Slain by Terence
             ... wielding a +0 flail
              (12 damage)
             ... on level 2 of the Dungeon.
             The game lasted 00:02:43 (378 turns).

M4edhros the Grave Robber (Octopode Necromancer)     Turns: 378, Time: 00:02:44

Health: 0/21       AC:  1    Str:  7    XL:     3   Next: 35%
Magic:  2/6        EV: 12    Int: 17    God:
Gold:   56         SH:  0    Dex: 13    Spells: 3 memorised, 1 level left

rFire  . . .     SeeInvis .       - Unarmed
rCold  . . .     Gourm    .     (no shield)
rNeg   . . .     Faith    .     (helmet restricted)
rPois  .         Spirit   .     (no amulet)
rElec  .         Dismiss  .     (no ring)
rCorr  .         Reflect  .     (no ring)
SustAt .         Harm     .     (no ring)
MR     .....                    (no ring)
Stlth  +++.......               (no ring)
                                (no ring)
                                (no ring)
                                (no ring)

@: not resistant to hostile enchantments, fairly stealthy
A: almost no armour, amphibious, 8 rings, constrict 8, camouflage 1, gelatinous
body 1
a: no special abilities


You were on level 2 of the Dungeon.
You were not hungry.

You visited 1 branch of the dungeon, and saw 2 of its levels.

You collected 56 gold pieces.

Inventory:

Scrolls
 e - a scroll of identify {unknown}
 f - a scroll of remove curse {unknown}
Potions
 c - a potion of lignification
 g - a potion of heal wounds {unknown}
Books
 a - a book of Necromancy

   Spells                             Type                      Level
   a - Pain                           Necromancy                   1
   b - Animate Skeleton               Necromancy                   1
   c - Vampiric Draining              Necromancy                   3
   d - Regeneration                   Charms/Necromancy            3
   e - Animate Dead                   Necromancy                   4
   f - Control Undead                 Necromancy                   4
Comestibles
 b - 2 bread rations
 d - 2 chunks of flesh


   Skills:
 - Level 2.0 Dodging
 - Level 2.6 Stealth
 + Level 2.8 Unarmed Combat
 - Level 2.0 Spellcasting
 - Level 4.0 Necromancy


You had one spell level left.
You knew the following spells:

 Your Spells              Type           Power        Failure   Level  Hunger
a - Pain                  Necr           ###.         3%          1    #......
b - Animate Skeleton      Necr           N/A          3%          1    #......
r - Regeneration          Chrm/Necr      #.........   24%         3    ###....


Dungeon Overview and Level Annotations

Branches:
Dungeon (2/15)

Altars:

Annotations:
D:2 Terence


Innate Abilities, Weirdness & Mutations

You cannot wear most types of armour.
You are amphibious.
You can wear up to eight rings at the same time.
You can use your tentacles to constrict eight enemies at once.
Your skin changes colour to match your surroundings (Stealth).
Your rubbery body absorbs attacks (AC +1).


Message History

You tentacle-slap Terence. You grab Terence.
Terence is lightly wounded.
You constrict Terence, but do no damage.
Terence hits you with a flail!
You tentacle-slap Terence.
Terence is moderately wounded.
You constrict Terence, but do no damage.
Terence misses you.
You tentacle-slap Terence but do no damage.
You squeeze Terence.
Terence is moderately wounded.
You constrict Terence, but do no damage.
Your adder skeleton bites Terence but does no damage.
Terence closely misses you.
You tentacle-slap Terence but do no damage.
Terence is moderately wounded.
You constrict Terence, but do no damage.
Your adder skeleton bites Terence.
Terence hits you with a flail!
Ouch! That really hurt!
You die...

.# .# ##### .#
#...### .# #.#...#
.# .. #.###.# .#
.... ##.#
#.###@#..g.. ###..#
#.##@Z......
##...####.....#.....
#...........### ...
#..<######..# #
#...# #..# #...#
#..# ##### #..# ##.#
#.#


You could see Terence, a hobgoblin (sleeping) and a friendly adder skeleton.

Vanquished Creatures
  An adder (D:2)
  A gnoll (D:1)
  2 dart slugs (D:1)
  4 goblins (D:1)
  3 hobgoblins (D:1)
  3 rats (D:1)
14 creatures vanquished.

Notes
Turn   | Place    | Note
--------------------------------------------------------------
     0 | D:1      | M4edhros the Octopode Necromancer began the quest for the Orb.
     0 | D:1      | Reached XP level 1. HP: 11/11 MP: 3/3
    70 | D:1      | Reached skill level 1 in Unarmed Combat
    70 | D:1      | Reached XP level 2. HP: 5/17 MP: 0/5
    76 | D:1      | Learned a level 1 spell: Animate Skeleton
   308 | D:1      | Reached XP level 3. HP: 5/21 MP: 2/6
   313 | D:1      | Learned a level 3 spell: Regeneration
   371 | D:2      | Noticed Terence
   378 | D:2      | Slain by Terence

Vault maps used:
D:1:      minmay_arrival_nine_rooms, minmay_misc_feat_square
D:2:      gammafunk_temple_overflow_claw, first_bread, uniq_crazy_yiuf_cottage,
          uniq_terence

Skill      XL: |  1  2 |
---------------+-------+-----
Unarmed Combat | 1 2 |  2.8
Dodging        | |  2.0
Stealth        | |  2.6
Spellcasting   | |  2.0
Necromancy     | |  4.0

Action                   || total
-------------------------++-------
Melee: Unarmed           ||    17
       Constrict         ||     6
       Tentacles         ||     2
 Cast: Pain              ||    19
       Animate Skeleton  ||     2
       Regeneration      ||     2
  Use: Potion            ||     1
 Stab: Sleeping          ||     2
Armor: Skin              ||    18
Dodge: Dodged            ||    10
